 Dungeon Crawl Stone Soup version 0.20-b1-2-gc5a9893 (webtiles) character file.

1415 mike2R the Destroyer (level 8, -3/41 HPs)
             Began as a Deep Elf Conjurer on May 21, 2017.
             Was a Believer of Vehumet.
             Slain by an iguana (9 damage)
             ... on level 6 of the Dungeon.
             The game lasted 00:38:29 (6944 turns).

mike2R the Destroyer (Deep Elf Conjurer)            Turns: 6944, Time: 00:38:30

Health: -3/41      AC:  5    Str:  5    XL:     8   Next: 43%
Magic:  15/20      EV: 17    Int: 23    God:    Vehumet [**....]
Gold:   343        SH:  0    Dex: 15    Spells: 0/21 levels left

rFire    + . .     SeeInvis .   a - +1 dagger (drain)
rCold    + . .     Gourm    .   (no shield)
rNeg     . . .     Faith    +   o - +2 robe {rF+}
rPois    .         Spirit   .   (no helmet)
rElec    .         Reflect  .   (no cloak)
rCorr    .         Harm     .   v - +0 pair of gloves
MR       .....                  (no boots)
Stlth    ++........             k - amulet of faith
Regen    0.2/turn               D - ring of protection from cold
MPRegen  0.2/turn               (no ring)

@: no status effects
A: no striking features
a: Renounce Religion


You were on level 6 of the Dungeon.
You worshipped Vehumet.
Vehumet was pleased with you.
You were near starving.

You visited 1 branch of the dungeon, and saw 6 of its levels.
You also visited: Sewer.

You collected 343 gold pieces.

Inventory:

Hand Weapons
 a - a +1 dagger of draining (weapon)
 b - a +0 dagger of holy wrath
 C - a +0 rapier
Missiles
 L - 3 steel javelins (quivered)
Armour
 n - a +0 leather armour
 o - a +2 robe of fire resistance (worn)
 v - a +0 pair of gloves (worn)
 B - a +0 robe
Jewellery
 k - an amulet of faith (around neck)
 D - a ring of protection from cold (left hand)
 K - a +2 amulet of reflection {unknown}
Wands
 f - a wand of flame (26/48)
 H - a wand of iceblast (10/15)
Scrolls
 q - 2 scrolls of recharging
 r - 4 scrolls of teleportation
 t - 2 scrolls of remove curse {unknown}
 y - a scroll of blinking
 G - a scroll of amnesia {unknown}
 J - a scroll of fear {unknown}
Potions
 e - a potion of magic
 g - 2 potions of berserk rage
 h - 5 potions of curing
 i - a potion of degeneration {unknown}
 l - a potion of agility {unknown}
 p - 2 potions of might
 s - 3 potions of cancellation
 u - a potion of brilliance {unknown}
 w - a potion of flight
 x - 2 potions of heal wounds {unknown}
 z - 3 potions of mutation
 A - a potion of haste {unknown}
 F - a potion of lignification {unknown}
 I - a potion of invisibility {unknown}
Books
 j - a book of Conjurations

   Spells                             Type                      Level
   a - Magic Dart                     Conjuration                  1
   b - Searing Ray                    Conjuration                  2
   c - Dazzling Spray                 Conjuration/Hexes            3
   d - Fulminant Prism                Conjuration/Hexes            4
   e - Force Lance                    Conjuration/Translocation    4
   f - Iskenderun's Mystic Blast      Conjuration                  4
Comestibles
 c - 3 bread rations
 d - 4 royal jellies
 m - 3 fruits
 E - a meat ration


   Skills:
 + Level 7.8 Dodging
 - Level 2.4 Stealth
 - Level 7.2 Spellcasting
 - Level 8.5 Conjurations


You couldn't memorise any spells.
You knew the following spells:

 Your Spells              Type           Power        Failure   Level  Hunger
a - Magic Dart            Conj           ####         1%          1    None
b - Searing Ray           Conj           #####.       1%          2    None
c - Dazzling Spray        Conj/Hex       ####..       3%          3    None
d - Iskenderun's Mystic   Conj           #####...     2%          4    ###....
e - Force Lance           Conj/Tloc      ####....     13%         4    ###....
f - Fulminant Prism       Conj/Hex       ####......   13%         4    ###....
g - Mephitic Cloud        Conj/Pois/Air  ###.....     7%          3    None


Dungeon Overview and Level Annotations

Branches:
Dungeon (6/15)
 Temple: D:4-7

Altars:
Ashenzari
Dithmenos
Hepliaklqana
Makhleb
Qazlal
Ru
Vehumet
Xom
The Shining One


Message History

Confirm with . or Enter, or press ? or * to list all spells.
Aiming: Searing Ray
Press: ? - help, Shift-Dir - straight line, f/p - bullfrog
Aim: a bullfrog (almost dead)
The searing ray hits the bullfrog.
You kill the bullfrog!
Vehumet accepts your kill.
You feel your power returning. (Press . to maintain the ray.)
The iguana bites you!
The searing ray hits the iguana.
The iguana bites you!
* * * LOW HITPOINT WARNING * * *
The searing ray hits the iguana.
The iguana is moderately wounded.
The iguana completely misses you.
An adder comes into view.
The searing ray hits the iguana.
The iguana is severely wounded.
You finish channeling your searing ray.
The iguana bites you!
You die...

...... #####.##....
......#######%##.....<....
.......S.........##..##...
.............### ##..##..
...(............ ##.####
.........## #.#
......##..# #.#
......###l###### #.##
...).....@.....# #..#
....####...###.# ##.# .#
###...#.#######.#
###...........#
###(...###### ##...#
......# ####...# #...#


You could see an iguana and an adder (wandering).

Vanquished Creatures
  Sigmund (D:3)
  Duvessa (D:4)
  A black bear (D:4)
  An ogre (D:4)
  A centaur (D:5)
  A bullfrog (D:6)
  Dowan (D:4)
  A killer bee (D:3)
  2 howler monkeys (D:4)
  A crimson imp (D:6)
  A bullfrog zombie (D:6)
  A jelly (D:5)
  4 hounds
  An orc wizard (D:4)
  Jessica (D:3)
  An iguana (D:5)
  4 worker ants
  3 gnolls (D:5)
  9 adders
  3 oozes (Sewer)
  12 worms
  2 dart slugs
  3 leopard geckos
  8 orcs
  6 ball pythons
  11 bats
  3 giant cockroaches
  9 goblins
  12 hobgoblins
  11 jackals
  7 kobolds
  3 quokkas
  11 frilled lizards
  3 rats
140 creatures vanquished.

Vanquished Creatures (others)
  3 fulminant prisms
3 creatures vanquished.

Grand Total: 143 creatures vanquished

Notes
Turn   | Place    | Note
-------+----------+-------------------------------------------
     0 | D:1      | mike2R the Deep Elf Conjurer began the quest for the Orb.
     0 | D:1      | Reached XP level 1. HP: 10/10 MP: 6/6
   233 | D:1      | Reached XP level 2. HP: 15/15 MP: 5/8
   238 | D:1      | Learned a level 2 spell: Searing Ray
   829 | D:2      | Reached skill level 5 in Conjurations
   892 | D:2      | Reached XP level 3. HP: 19/19 MP: 8/10
   897 | D:2      | Learned a level 3 spell: Dazzling Spray
  1126 | D:2      | Found a shimmering altar of Xom.
  1127 | D:2      | Found a hazy altar of Hepliaklqana.
  1127 | D:2      | Noticed an insubstantial wisp
  1128 | D:2      | Noticed a spectral ugly thing
  1128 | D:2      | Noticed an insubstantial wisp
  1290 | D:2      | Found a shadowy altar of Dithmenos.
  1520 | D:2      | Reached XP level 4. HP: 24/24 MP: 8/12
  1526 | D:2      | Learned a level 4 spell: Iskenderun's Mystic Blast
  1637 | D:2      | Found a burning altar of Makhleb.
  1640 | D:2      | Noticed an Executioner
  1858 | D:2      | Found a sacrificial altar of Ru.
  1858 | D:2      | Found a glowing golden altar of the Shining One.
  2321 | D:3      | Noticed Sigmund
  2342 | D:3      | Killed Sigmund
  2342 | D:3      | Reached skill level 6 in Conjurations
  2342 | D:3      | Reached XP level 5. HP: 28/28 MP: 2/15
  2348 | D:3      | Learned a level 4 spell: Force Lance
  2581 | D:3      | Reached XP level 6. HP: 32/32 MP: 5/17
  2907 | D:3      | Found a radiant altar of Vehumet.
  2912 | D:3      | Became a worshipper of Vehumet
  3403 | D:3      | Noticed Jessica
  3408 | D:3      | Killed Jessica
  3508 | D:4      | Reached skill level 7 in Conjurations
  3754 | D:4      | Reached XP level 7. HP: 36/36 MP: 14/19
  3798 | D:4      | Noticed Dowan
  3805 | D:4      | Learned a level 4 spell: Fulminant Prism
  3808 | D:4      | Noticed Duvessa
  3821 | D:4      | Killed Dowan
  3826 | D:4      | Killed Duvessa
  3826 | D:4      | Reached skill level 8 in Conjurations
  3840 | D:4      | Reached * piety under Vehumet
  3840 | D:4      | Offered knowledge of Shock by Vehumet.
  4181 | D:4      | Found a shattered altar of Ashenzari.
  4948 | D:5      | Entered Level 5 of the Dungeon
  4961 | D:5      | Reached skill level 5 in Dodging
  4961 | D:5      | Reached XP level 8. HP: 41/41 MP: 16/20
  4999 | D:5      | Found a glowing drain.
  5057 | Sewer    | Entered a sewer
  5067 | Sewer    | Offered knowledge of Throw Frost by Vehumet.
  5072 | Sewer    | Reached ** piety under Vehumet
  5820 | D:5      | Offered knowledge of Mephitic Cloud by Vehumet.
  5825 | D:5      | Learned a level 3 spell: Mephitic Cloud
  6759 | D:6      | Found a stormy altar of Qazlal.
  6760 | D:6      | Noticed an air elemental
  6944 | D:6      | Slain by an iguana

Skill      XL: |  1  2  3  4  5  6  7  8 |
---------------+-------------------------+-----
Conjurations   | 5 6 7 8 |  8.5
Spellcasting   | 4 6 7 |  7.2
Dodging        | 5 7 |  7.8
Stealth        | |  2.4

Action                   |  1- 3 |  4- 6 |  7- 9 || total
-------------------------+-------+-------+-------++-------
Melee: Short sword       |     7 |       |     4 ||    11
       Dagger            |       |       |    24 ||    24
 Cast: Magic Dart        |    70 |    53 |   135 ||   258
       Searing Ray       |     3 |    12 |    12 ||    27
       Dazzling Spray    |       |     1 |     5 ||     6
       Force Lance       |       |     3 |     3 ||     6
       Fulminant Prism   |       |       |     3 ||     3
       Iskenderun's Myst |       |       |     1 ||     1
  Use: Scroll            |       |     4 |     7 ||    11
       Potion            |       |       |     2 ||     2
  Eat: Chunk             |     2 |     7 |     8 ||    17
       Fruit             |       |       |     1 ||     1
Armor: Robe              |     2 |     1 |    13 ||    16
Dodge: Dodged            |     8 |     8 |    55 ||    71
